 Dungeon Crawl Stone Soup version 0.31-a0-229-g1fc7ce93e2 (console) character file.

Game seed: 12488712587540519417

459 jejorda2 the Cudgeller (level 7, -2/60 HPs)
             Began as a Gnoll Berserker on July 6, 2023.
             Was a Believer of Trog.
             Slain by an orc
             ... wielding a +0 short sword
              (4 damage)
             ... on level 4 of the Dungeon.
             The game lasted 00:05:44 (2913 turns).

jejorda2 the Cudgeller (Gnoll Berserker)            Turns: 2913, Time: 00:05:45

Health: -2/60      AC: 12    Str: 19    XL:     7   Next: 6%
Magic:  10/10      EV:  9    Int:  6    God:    Trog [**....]
Gold:   194        SH:  5    Dex: 11    Spells: 10/10 levels left

rFire   . . .        a - +0 mace
rCold   . . .        (no shield)
rNeg    . . .        q - +0 chain mail
rPois   .            d - +0 helmet
rElec   .            m - +0 cloak
rCorr   .            (no gloves)
SInv    .            (no boots)
Will    .....        p - amulet of reflection Stlth
                     (no ring)
HPRegen 0.30/turn    (no ring)
MPRegen 0.12/turn

%: reflection
@: on berserk cooldown, slowed, very slow
A: fangs 1, strong nose, distributed training
a: Renounce Religion, Berserk, Trog's Hand


You were on level 4 of the Dungeon.
You worshipped Trog.
Trog was pleased with you.
You visited 1 branch of the dungeon, and saw 4 of its levels.

You collected 194 gold pieces.

Inventory:

Hand Weapons
 a - a +0 mace (weapon)
Missiles
 c - 5 curare-tipped darts
 e - 28 stones (quivered)
 r - 3 poisoned darts
Armour
 d - a +0 helmet (worn)
 m - a +0 cloak (worn)
 q - a +0 chain mail (worn)
Jewellery
 p - an amulet of reflection (around neck)
Wands
 j - a wand of paralysis (3)
 l - a wand of roots (22)
Scrolls
 b - 2 scrolls of teleportation {unknown}
 g - 3 scrolls of identify {unknown}
 h - 2 scrolls of poison {unknown}
 i - a scroll of torment {unknown}
 o - a scroll of enchant armour {unknown}
 s - a scroll of fear {unknown}
Potions
 f - a potion of resistance {unknown}
 k - a potion of degeneration {unknown}
 n - a potion of curing {unknown}


   Skills:
 + Level 7.0 Fighting
 + Level 2.3 Short Blades
 + Level 2.3 Long Blades
 + Level 2.3 Axes
 + Level 7.0 Maces & Flails
 + Level 2.3 Polearms
 + Level 2.3 Staves
 + Level 2.3 Ranged Weapons
 + Level 2.3 Throwing
 + Level 5.1 Armour
 + Level 5.1 Dodging
 + Level 2.3 Stealth
 + Level 2.3 Shields
 + Level 2.3 Unarmed Combat
 + Level 2.3 Spellcasting
 + Level 1.9 Conjurations
 + Level 1.9 Hexes
 + Level 1.9 Summonings
 + Level 1.9 Necromancy
 + Level 1.9 Translocations
 + Level 1.9 Transmutations
 + Level 1.9 Fire Magic
 + Level 1.9 Ice Magic
 + Level 1.9 Air Magic
 + Level 1.9 Earth Magic
 + Level 1.9 Poison Magic
 + Level 2.5 Invocations
 + Level 2.3 Evocations


You had 10 spell levels left.
You didn't know any spells.
Your spell library was empty.

Dungeon Overview and Level Annotations

Branches:
Dungeon (4/15)
 Temple: D:4-7

Altars:
Gozag
Nemelex Xobeh
Okawaru
Uskayaw

Shops:
D:3 (


Innate Abilities, Weirdness & Mutations

You have very sharp teeth.
Your uncanny sense of smell can sniff out nearby items.
Your experience applies equally to all skills.


Message History

The orc priest is heavily wounded.
The orc priest invokes the aid of Beogh against you.
Beogh smites you!
You hit the orc priest.
The orc priest is almost dead.
The orc priest mumbles some strange prayers to Beogh against you.
Pain shoots through your body!
The orc priest hits you with a +0 flail.
You completely miss the orc priest.
The orc priest is almost dead.
The orc priest hits you but does no damage.
The orc priest looks satisfied for a moment.
You hit the orc priest.
The orc priest is almost dead.
The orc priest hits you with a +0 flail!
You hit the orc priest but do no damage.
The orc priest is almost dead.
The orc priest invokes the aid of Beogh against you.
Beogh smites you!
* * * LOW HITPOINT WARNING * * *
You block the orc priest's attack.
You hit the orc priest but do no damage.
Your bite misses the orc priest.
The orc priest is almost dead.
The orc priest calls down the wrath of Beogh upon you.
Beogh smites you!
* * * LOW HITPOINT WARNING * * *
You hit the orc priest but do no damage.
The orc priest is almost dead.
The orc priest hits you but does no damage.
You block the orc priest's attack.
You hit the orc priest.
You kill the orc priest!
Trog accepts your kill.
Your Fighting skill increases to level 7!
Your Maces & Flails skill increases to level 7!
You have reached level 7!
You closely miss the orc. Your bite misses the orc.
The orc hits you but does no damage. The orc hits you with a +0 short sword.
You die...

##+# ##...## #
##.....## .#
##.......## ..#
#.........####...##
+.........')@o....#
#.........####...##
#.......## .?#
##.....## .#
##...## # ##'## .
###.###### .≈
#........# #≈
#.#.####.#


You could see an orc.

Vanquished Creatures
  Sigmund (D:4)
  The ghost of Nietzsche the Covered, an amateur DgFi (D:3)
  A hound (D:3)
  An orc priest (D:4)
  2 orc wizards
  2 adders (D:2)
  2 worms
  A dart slug (D:1)
  9 orcs
  9 ball pythons
  5 endoplasms
  2 giant cockroaches
  7 goblins
  7 hobgoblins
  4 jackals
  6 bats
  5 frilled lizards
  A kobold (D:2)
  4 rats
70 creatures vanquished.

Notes
Turn   | Place    | Note
-------+----------+-------------------------------------------
     0 | D:1      | jejorda2 the Gnoll Berserker began the quest for the Orb.
     0 | D:1      | Reached XP level 1. HP: 23/23 MP: 1/1
   223 | D:1      | Reached XP level 2. HP: 29/29 MP: 2/2
   570 | D:2      | Reached XP level 3. HP: 29/35 MP: 3/3
   752 | D:2      | Reached ** piety under Trog
   771 | D:2      | Reached skill level 1 in Invocations
   851 | D:2      | Reached skill level 1 in Short Blades
   851 | D:2      | Reached skill level 1 in Long Blades
   851 | D:2      | Reached skill level 1 in Axes
   851 | D:2      | Reached skill level 1 in Polearms
   851 | D:2      | Reached skill level 1 in Staves
   851 | D:2      | Reached skill level 1 in Ranged Weapons
   851 | D:2      | Reached skill level 1 in Throwing
   851 | D:2      | Reached skill level 1 in Stealth
   851 | D:2      | Reached skill level 1 in Shields
   851 | D:2      | Reached skill level 1 in Unarmed Combat
   851 | D:2      | Reached skill level 1 in Spellcasting
   851 | D:2      | Reached skill level 1 in Evocations
  1026 | D:2      | Reached XP level 4. HP: 41/41 MP: 5/5
  1401 | D:3      | Found Xorekh's Weapon Boutique.
  1546 | D:3      | Reached skill level 1 in Conjurations
  1546 | D:3      | Reached skill level 1 in Hexes
  1546 | D:3      | Reached skill level 1 in Summonings
  1546 | D:3      | Reached skill level 1 in Necromancy
  1546 | D:3      | Reached skill level 1 in Translocations
  1546 | D:3      | Reached skill level 1 in Transmutations
  1546 | D:3      | Reached skill level 1 in Fire Magic
  1546 | D:3      | Reached skill level 1 in Ice Magic
  1546 | D:3      | Reached skill level 1 in Air Magic
  1546 | D:3      | Reached skill level 1 in Earth Magic
  1546 | D:3      | Reached skill level 1 in Poison Magic
  1605 | D:3      | Found a runed translucent door.
  1605 | D:3      | Noticed Nietzsche's ghost (amateur DgFi)
  1629 | D:3      | Found an iron altar of Okawaru.
  1813 | D:3      | Reached XP level 5. HP: 44/47 MP: 5/7
  2012 | D:3      | Found a sparkling altar of Nemelex Xobeh.
  2012 | D:3      | Found an opulent altar of Gozag.
  2043 | D:3      | Found a hide-covered altar of Uskayaw.
  2337 | D:3      | Killed Nietzsche's ghost
  2338 | D:3      | Reached XP level 6. HP: 53/53 MP: 8/8
  2655 | D:4      | Noticed Sigmund
  2666 | D:4      | Killed Sigmund
  2667 | D:4      | Reached skill level 5 in Armour
  2667 | D:4      | Reached skill level 5 in Dodging
  2910 | D:4      | HP: 1/53 [orc priest/divine providence (9)]
  2913 | D:4      | Reached XP level 7. HP: 2/60 MP: 10/10
  2913 | D:4      | Slain by an orc

Illustrated notes

Levels and vault maps discovered:
D:1:      heliophobic_arrival_enchanted_forest, layout_basic
D:2:      layout_basic
D:3:      layout_basic, grunt_temple_overflow_opulence,
          mainiacjoe_overflow_small_starburst, lemuel_coloured_pillars_altar,
          hellmonk_ghost_happy_afterlife, serial_shops, shop,
          chequers_serial_rivers_large_b, kennysheep_crisscross
D:4:      layout_loops_corners, kennysheep_mini_moat, uniq_sigmund

Skill      XL: |  1  2  3  4  5  6 |
---------------+-------------------+-----
Invocations    | 1 2 |  2.5
Short Blades   | 1 2 |  2.3
Long Blades    | 1 2 |  2.3
Axes           | 1 2 |  2.3
Polearms       | 1 2 |  2.3
Staves         | 1 2 |  2.3
Ranged Weapons | 1 2 |  2.3
Throwing       | 1 2 |  2.3
Stealth        | 1 2 |  2.3
Shields        | 1 2 |  2.3
Unarmed Combat | 1 2 |  2.3
Spellcasting   | 1 2 |  2.3
Evocations     | 1 2 |  2.3
Conjurations   | 1 |  1.9
Hexes          | 1 |  1.9
Summonings     | 1 |  1.9
Necromancy     | 1 |  1.9
Translocations | 1 |  1.9
Transmutations | 1 |  1.9
Fire Magic     | 1 |  1.9
Ice Magic      | 1 |  1.9
Air Magic      | 1 |  1.9
Earth Magic    | 1 |  1.9
Poison Magic   | 1 |  1.9
Armour         | 5 |  5.1
Dodging        | 5 |  5.1
Fighting       | 7 |  7.0
Maces & Flails | 7 |  7.0

Action                     |  1- 3 |  4- 6 |  7- 9 || total
---------------------------+-------+-------+-------++-------
  Melee: Mace              |    99 |   125 |     1 ||   225
         Bite              |     8 |     8 |       ||    16
         Punch             |       |     2 |       ||     2
  Throw: Stone             |     1 |     4 |       ||     5
 Invoke: Berserk           |       |     4 |       ||     4
         Trog's Hand       |       |     3 |       ||     3
   Stab: Sleeping          |       |     1 |       ||     1
 Armour: Leather armour    |    26 |     1 |       ||    27
         Ring mail         |       |     7 |       ||     7
         Chain mail        |       |    19 |     1 ||    20
  Dodge: Dodged            |    73 |    49 |       ||   122
  Block: Other             |       |     6 |       ||     6

Table legend: (Time is in decaauts)
 A = Elapsed time spent in this place.
 B = Non-inter-level travel time spent in this place.
 C = Inter-level travel time spent in this place.
 D = Time resting spent in this place.
 E = Time spent auto-exploring this place.
 F = Levels seen in this place.
 G = Mean time per level.
                   A        B        C        D        E       F      G
               +--------+--------+--------+--------+--------+-----+--------+
         Total |   2972 |   2892 |     80 |     80 |   2237 |   4 |  743.0 |
       Dungeon |   2972 |   2892 |     80 |     80 |   2237 |   4 |  743.0 |
               +--------+--------+--------+--------+--------+-----+--------+

Top non-repeatable levels by time:
     D:3: 1025 daAuts
     D:2: 909 daAuts
     D:4: 537 daAuts
     D:1: 500 daAuts
